 Dungeon Crawl Stone Soup version 0.31-a0-234-gad7ace16ef (webtiles) character file.

Game seed: 3288619564398502099

99 qw the Shooter (level 4, -1/36 HPs)
             Began as a Minotaur Hexslinger on July 9, 2023.
             Slain by an orc wizard
             ... wielding a +0 dagger
              (2 damage)
             ... on level 3 of the Dungeon.
             The game lasted 00:00:37 (1253 turns).

qw the Shooter (Minotaur Hexslinger)                Turns: 1253, Time: 00:00:37

Health: -1/36      AC:  5    Str: 13    XL:     4   Next: 45%
Magic:  4/4        EV: 11    Int: 10    God:
Gold:   93         SH:  0    Dex: 14    Spells: 4/5 levels left

rFire   . . .        Y - +1 sling (drain)
rCold   . . .        (no shield)
rNeg    . . .        b - +0 ring mail
rPois   .            (helmet restricted)
rElec   .            (no cloak)
rCorr   +            (no gloves)
SInv    .            (no boots)
Will    .....        (no amulet)
Stlth   +            c - ring of resist corrosion
HPRegen 0.26/turn    (no ring)
MPRegen 0.09/turn

%: no passive effects
@: no status effects
A: horns 2, retaliatory headbutt
a: no special abilities


You were on level 3 of the Dungeon.
You visited 1 branch of the dungeon, and saw 3 of its levels.

You collected 133 gold pieces.
You spent 40 gold pieces at shops.


Innate Abilities, Weirdness & Mutations

You have a pair of horns on your head.
You reflexively headbutt those who attack you in melee.


   Skills:
 - Level 2.0 Fighting
 + Level 4.4 Ranged Weapons
 - Level 2.2 Armour
 - Level 2.1 Dodging
 - Level 1.0 Spellcasting
 - Level 2.0 Hexes


You had 4 spell levels left.
You knew the following spells:

 Your Spells              Type           Power      Damage    Failure   Level
a - Slow                  Hex            16%        N/A       32%         1

Your spell library contained the following spells:

 Spells                   Type           Power      Damage    Failure   Level
 Inner Flame              Hex/Fire       2%         N/A       82%         3
 Portal Projectile        Hex/Tloc       4%         N/A       82%         3
 Cause Fear               Hex            2%         N/A       97%         4

Inventory:

Hand Weapons
 Y - a +1 sling of draining (weapon)
Armour
 b - a +0 ring mail (worn)
Jewellery
 c - a ring of resist corrosion (left hand)
Scrolls
 a - a scroll of identify
Potions
 d - a potion of enlightenment {unknown}
 e - a potion of resistance {unknown}
 h - a potion of heal wounds {unknown}

Dungeon Overview and Level Annotations

Branches:
Dungeon (3/15)

Altars:

Shops:
D:2 [


Message History

You shoot a sling bullet.
The sling bullet hits the orc priest but does no damage.
The orc priest is heavily wounded.
Something hits you but does no damage. The orc priest closely misses you.
You furiously retaliate!
You headbutt the orc priest!
You kill the orc priest!
Your Armour skill gained 2 levels and is now at level 2!
You shoot a sling bullet. Something hits you but does no damage.
You shoot a sling bullet. Something hits you but does no damage.
Something hits you.
You shoot a sling bullet. Something hits you but does no damage.
You shoot a sling bullet. Something completely misses you.
You shoot a sling bullet. Something hits you but does no damage.
You shoot a sling bullet.
You hear some strange, mumbled words.
A magic dart appears from out of thin air!
The magic dart hits you! Something hits you.
You shoot a sling bullet. Something hits you but does no damage.
You shoot a sling bullet. Something hits you but does no damage.
You shoot a sling bullet. Something hits you. x2
You shoot a sling bullet. Something hits you.
You shoot a sling bullet. Something hits you but does no damage.
You shoot a sling bullet. Something hits you.
Something hits you but does no damage.
You shoot a sling bullet. Something hits you but does no damage.
You shoot a sling bullet. Something hits you.
You shoot a sling bullet. Something hits you.
You die...

##...............#
.#..#####.####.##.......
..<## ...# #..# ......
#### #..#####.## #....
###.###....# .....
........#### ##.....
######<...####.......
#..........){.....!
#..........@)......
#.......###.)##....
#.......# #.## .
#........ ..#
#.......##### #........
#........


There were no monsters in sight!

Vanquished Creatures
  An orc priest (D:3)
  2 adders (D:2)
  2 worms (D:2)
  2 dart slugs
  3 orcs (D:3)
  4 ball pythons
  7 bats
  2 endoplasms (D:1)
  5 goblins
  A hobgoblin (D:1)
  3 jackals (D:2)
  A quokka (D:1)
  A frilled lizard (D:2)
  5 rats
39 creatures vanquished.

Notes
Turn   | Place    | Note
-------+----------+-------------------------------------------
     0 | D:1      | qw the Minotaur Hexslinger began the quest for the Orb.
     0 | D:1      | Reached XP level 1. HP: 16/16 MP: 1/1
     0 | D:1      | 0 ||| qw: Version: 0.3-a-51-g015441d
     0 | D:1      | 0 ||| qw: Game counter: 4281
     0 | D:1      | 0 ||| qw: Melee chars always use a shield: true
     0 | D:1      | 0 ||| qw: God list: Okawaru
     0 | D:1      | 0 ||| qw: Allow faded altars: false
     0 | D:1      | 0 ||| qw: Do Orc after clearing Dungeon:15 true
     0 | D:1      | 0 ||| qw: Do second Lair branch before Depths: true
     0 | D:1      | 0 ||| qw: Lair rune preference: random
     0 | D:1      | 0 ||| qw: Goals: Normal
     0 | D:1      | 0 ||| PLANNING D:1-11
   223 | D:1      | Reached skill level 3 in Ranged Weapons
   260 | D:1      | Reached XP level 2. HP: 23/23 MP: 2/2
   556 | D:1      | 556 ||| UPGRADING to +0 leather armour.
   566 | D:1      | 566 ||| DROPPING +0 robe.
   567 | D:1      | 567 ||| READING scroll labelled SOEMEI WIK LUPT.
   568 | D:1      | 568 ||| READING scroll labelled TARIEDI YWKACW.
   569 | D:1      | 569 ||| DRINKING 2 inky potions.
   570 | D:1      | 570 ||| DROPPING scroll of poison.
   571 | D:1      | 571 ||| DROPPING potion of brilliance.
   592 | D:2      | Found Raleunu's Armour Emporium.
   614 | D:2      | 614 ||| BUYING +0 ring mail (40 gold).
   614 | D:2      | Bought a +0 ring mail for 40 gold pieces
   614 | D:2      | 614 ||| SHOPLISTING +3 leather armour of willpower (240
                  | gold, have 76).
   644 | D:2      | Reached XP level 3. HP: 29/29 MP: 3/3
   699 | D:2      | Reached skill level 4 in Ranged Weapons
  1165 | D:2      | 1165 ||| UPGRADING to +0 ring mail.
  1175 | D:2      | 1175 ||| DROPPING +0 leather armour.
  1176 | D:2      | 1176 ||| UPGRADING to ring of resist corrosion.
  1177 | D:2      | 1177 ||| READING scroll labelled SIEHUY LUECLUCK.
  1182 | D:2      | 1182 ||| READING scroll labelled SIFIUT BISS.
  1183 | D:2      | 1183 ||| READING scroll labelled JUGUCU DENIX.
  1184 | D:2      | 1184 ||| READING scroll labelled RUVOOTS CUKAM.
  1185 | D:2      | 1185 ||| READING scroll labelled VOT TODIEGHEI.
  1233 | D:3      | Reached XP level 4. HP: 23/36 MP: 4/4
  1247 | D:3      | HP: 7/36 [something (3)]
  1250 | D:3      | HP: 3/36 [something (2)]
  1252 | D:3      | HP: 1/36 [something (3)]
  1253 | D:3      | Slain by an orc wizard

Levels and vault maps discovered:
D:1:      dpeg_arrival_rooms_c, layout_basic
D:2:      layout_basic, serial_shops, nicolae_shop_stone
D:3:      layout_rooms, chequers_temple_overflow_statue_of_worship,
          skrybe_limestone_x, minmay_misc_feat_more_columns,
          nicolae_shop_unique_rings

Skill      XL: |  1  2  3  4 |
---------------+-------------+-----
Ranged Weapons | 3 4 |  4.4
Fighting       | 2 |  2.0
Armour         | 2 |  2.2
Dodging        | |  2.1
Spellcasting   | |  1.0
Hexes          | |  2.0

Action                     |  1- 3 |  4- 6 || total
---------------------------+-------+-------++-------
   Fire: Sling             |   121 |    21 ||   142
    Use: Scroll            |     7 |       ||     7
         Potion            |     1 |       ||     1
 Armour: Robe              |     6 |       ||     6
         Leather armour    |    21 |       ||    21
         Ring mail         |     2 |    18 ||    20
  Dodge: Dodged            |    28 |     6 ||    34

Table legend:
 A = Non-vault XP
 B = Vault XP
 C = Vault XP percentage of total XP
 D = Non-vault monster count
 E = Vault monster count
 F = Vault count percentage of total count
                 A         B        C        D         E       F
            +---------+---------+-------+---------+---------+-------
      Total |     142 |       0 |   0.0 |      39 |       0 |   0.0
            +---------+---------+-------+---------+---------+-------
        D:1 |      26 |       0 |   0.0 |      15 |       0 |   0.0
        D:2 |      64 |       0 |   0.0 |      19 |       0 |   0.0
        D:3 |      52 |       0 |   0.0 |       5 |       0 |   0.0
            +---------+---------+-------+---------+---------+-------
